 Dungeon Crawl Stone Soup version 0.16-a0-922-gae79c9c (webtiles) character file.

3849 RobertPalmer the Nimble (level 10, -3/60 HPs)
             Began as an Octopode Gladiator on Sept 30, 2014.
             Was a Follower of Qazlal.
             Slain by a raven (shapeshifter) (10 damage)
             ... on Level 9 of the Dungeon.
             The game lasted 00:24:27 (11178 turns).

RobertPalmer the Nimble (Octopode Gladiator)       Turns: 11178, Time: 00:24:28

HP  -3/60        AC  2     Str 15      XL: 10   Next: 18%
MP  10/10        EV 26     Int 14      God: Qazlal [*.....]
Gold 417         SH  9     Dex 19      Spells:  0 memorised,  9 levels left

rFire  . . .     SeeInvis .     a - +3 whip (elec)
rCold  . . .     Clarity  .     C - +2 buckler
rNeg   . . .     rCorr    .     c - +1 hat
rPois  .         rRot     .     (no amulet)
rElec  .         Spirit   .     k - ring of protection from magic
SustAb +         Warding  .     u - ring of protection from magic
rMut   .         Stasis   .     y - ring of invisibility
Gourm  .                        F - ring of sustain abilities
MR     ++...                    K - +2 ring of dexterity
                                (no ring)
                                (no ring)
                                (no ring)

@: agile, very resistant to hostile enchantments, fairly stealthy
A: almost no armour, amphibious, 8 rings, constrict 8, camouflage 1, gelatinous
body 1
a: Renounce Religion, Evoke Invisibility


You were on level 9 of the Dungeon.
You worshipped Qazlal.
Qazlal was aware of your devotion.
You were not hungry.

You visited 1 branch of the dungeon, and saw 9 of its levels.
You also visited: Sewer.

You collected 417 gold pieces.


Innate Abilities, Weirdness & Mutations

You cannot wear most types of armour.
You are amphibious.
You can wear up to eight rings at the same time.
You can use your tentacles to constrict many enemies at once.
Your skin changes colour to match your surroundings (Stealth).
Your rubbery body absorbs attacks (AC +1).


   Skills:
 - Level 2.0 Fighting
   Level 5.8(7.5) Axes
 - Level 7.2(8.2) Maces & Flails
 - Level 2.0 Throwing
 + Level 10.3 Dodging
 - Level 5.3 Shields


You had 9 spell levels left.
You didn't know any spells.

Inventory:

Hand weapons
 a - a +3 whip of electrocution (weapon)
 b - a +0 blowgun
 l - a +0 dire flail
Missiles
 B - 13 poisoned needles
Armour
 c - a +1 hat (worn)
 C - a +2 buckler (worn)
Magical devices
 x - a wand of flame (4)
 z - a wand of flame (16)
Comestibles
 f - 5 bread rations
 m - 8 slices of pizza
 n - 8 meat rations
 s - a royal jelly
 H - 4 rotting chunks of wyvern flesh {@*1}
 I - 3 beef jerkies
Scrolls
 g - a scroll of teleportation
 i - 3 scrolls of recharging
 t - a scroll of vulnerability
 E - a scroll of magic mapping
 O - a scroll of amnesia
Jewellery
 d - an uncursed ring of fire
 k - a ring of protection from magic (left tentacle)
 u - a ring of protection from magic (right tentacle)
 y - a ring of invisibility (on tentacle)
 F - a ring of sustain abilities (on tentacle)
 K - a +2 ring of dexterity (on tentacle)
Potions
 e - a potion of restore abilities {unknown}
 j - 2 potions of haste
 p - a potion of magic
 q - a potion of might
 w - a potion of lignification {unknown}
 A - a potion of heal wounds {unknown}
 J - a potion of poison {!q}
Books
 v - a book of Ice
 D - a book of Enchantments
Magical staves
 h - an uncursed staff of earth

Dungeon Overview and Level Annotations

Branches:
Dungeon (9/15)             Temple (0/1) D:6            Lair (0/8) D:9
    Orc: D:9-12

Altars:
Ashenzari
Cheibriados
Elyvilon
Makhleb
Qazlal
Sif Muna
Vehumet
Xom
Zin
The Shining One

............
..#.
...>........
....
.......#####
###..###
...........
#######
.......####
#_._..##
####.### ####
#._.>.## # ...
......#.._..##
# ####
##_bh..## #
.....<#_@_..##
#
####.########
# #.#.## # #
#.#. # # #. #
#. # #. # #. .


You could see a raven and a black bear.


Message History

Your surroundings suddenly seem different.
A black bear comes into view.
The black bear growls angrily.
Found seven shimmering altars of Xom.
Found an escape hatch in the floor.
A raven comes into view.
There is a shimmering altar of Xom here.
The raven barely misses you. You block the raven's attack.
Found a stone staircase leading up.
You hit the black bear.
There is a sudden explosion of sparks!
You grab the black bear.
The black bear is heavily wounded.
You constrict the black bear. You block the raven's attack.
The raven claws you!
* * * LOW HITPOINT WARNING * * *
The raven misses you. The raven closely misses you.
Unknown command.
You release your grip on the black bear.
The black bear bites you.
* * * LOW HITPOINT WARNING * * *
You block the black bear's attack. x2
The raven pecks you.
* * * LOW HITPOINT WARNING * * *
The raven claws you.
* * * LOW HITPOINT WARNING * * *
Read which item? (? for menu, Esc to quit)
Okay, then.
Drink which item? (? for menu, Esc to quit)
You feel agile all of a sudden. The raven pecks you!
You die...

Action                   |  1- 3 |  4- 6 |  7- 9 | 10-12 || total
-------------------------+-------+-------+-------+-------++-------
Melee: War axe           |    60 |    64 |       |       ||   124
       Whip              |       |    79 |   249 |    25 ||   353
 Fire: Blowgun           |       |       |    54 |     6 ||    60
Throw: Throwing net      |     1 |       |     3 |       ||     4
Evoke: Wand              |       |       |     2 |       ||     2
  Use: Scroll            |     1 |    11 |    14 |     5 ||    31
       Potion            |       |       |     9 |     1 ||    10
 Stab: Sleeping          |     1 |     3 |    14 |     1 ||    19
       Invisible         |       |       |     1 |       ||     1
       Held in net/web   |       |       |     1 |       ||     1
  Eat: Chunk             |     2 |    12 |    15 |     1 ||    30
       Royal jelly       |       |       |     1 |       ||     1

Vault maps used:
D:1:      scummos_arrival_forest
D:2:      grunt_ministairs_10, roderic_serpentine_path, serial_bayou_pond_e,
          st_stairs_4
D:3:      nicolae_overflow_hidden_temple, first_bread
D:4:      good_gods_temple_1, cheibrodos_ashenzari_chains
D:5:      kennysheep_mini_moat, portal_sewer_entry_e, uniq_duvessa, uniq_edmund
D:6:      lemuel_doored_altar, minmay_temple_entry_fiery
D:7:      grunt_temple_overflow_open, serial_corexii_hall,
          corexii_hall_statues_i, corexii_hall_statues_i,
          corexii_hall_statues_x, corexii_hall_statues_i,
          corexii_hall_statues_x, corexii_hall_statues_l,
          minmay_misc_feat_four_crosses, uniq_crazy_yiuf_cottage
D:8:      grunt_livestock
D:9:      xom_shifter_show, lair_0_dummy, columned_hall_lemuel
Sewer:    sewer_co_tree

Notes
Turn   | Place    | Note
--------------------------------------------------------------
     0 | D:1      | RobertPalmer, the Octopode Gladiator, began the quest for the Orb.
     0 | D:1      | Reached XP level 1. HP: 14/14 MP: 1/1
   133 | D:1      | Reached XP level 2. HP: 13/19 MP: 2/2
   776 | D:2      | Reached skill level 4 in Axes
   776 | D:2      | Reached XP level 3. HP: 22/24 MP: 3/3
  1889 | D:2      | Reached XP level 4. HP: 29/29 MP: 4/4
  1908 | D:2      | Reached skill level 5 in Axes
  2784 | D:3      | Reached XP level 5. HP: 18/34 MP: 5/5
  3452 | D:3      | Found a radiant altar of Vehumet.
  4180 | D:4      | Reached skill level 1 in Maces & Flails
  4291 | D:4      | Got a wavering bone ring
  4394 | D:4      | Found a shattered altar of Ashenzari.
  4615 | D:4      | Reached skill level 2 in Maces & Flails
  4730 | D:4      | Reached XP level 6. HP: 33/39 MP: 6/6
  4763 | D:4      | Reached skill level 3 in Maces & Flails
  5145 | D:4      | Reached skill level 4 in Maces & Flails
  5279 | D:4      | Found a white marble altar of Elyvilon.
  5279 | D:4      | Found a glowing silver altar of Zin.
  5280 | D:4      | Found a glowing golden altar of the Shining One.
  5333 | D:5      | Entered Level 5 of the Dungeon
  5352 | D:5      | Identified the cursed ring of Fuaxkyebbu {AC-2 Dex+4} (You found it on level 4 of the Dungeon)
  5444 | D:5      | Noticed Edmund
  5453 | D:5      | Killed Edmund
  5453 | D:5      | Reached skill level 5 in Maces & Flails
  5453 | D:5      | Reached XP level 7. HP: 34/45 MP: 7/7
  5524 | D:5      | Found a glowing drain.
  5530 | Sewer    | Entered a sewer
  5530 | Sewer    | Noticed Herrn's ghost (average TeFi)
  5538 | Sewer    | Killed Herrn's ghost
  5538 | Sewer    | Reached skill level 6 in Maces & Flails
  5981 | Sewer    | Reached skill level 7 in Maces & Flails
  5981 | Sewer    | Reached XP level 8. HP: 50/50 MP: 8/8
  6569 | D:5      | Reached skill level 4 in Dodging
  6640 | D:5      | Reached skill level 5 in Dodging
  6933 | D:5      | Reached skill level 6 in Dodging
  6969 | D:5      | Found a burning altar of Makhleb.
  6990 | D:5      | Noticed Dowan
  7007 | D:5      | Noticed Duvessa
  7010 | D:5      | Killed Dowan
  7151 | D:5      | Killed Duvessa
  7400 | D:6      | Found a stormy altar of Qazlal.
  7446 | D:6      | Became a worshipper of Qazlal Stormbringer
  7755 | D:6      | Reached skill level 1 in Shields
  8077 | D:6      | Found a staircase to the Ecumenical Temple.
  8111 | D:7      | Reached skill level 2 in Shields
  8114 | D:7      | Reached skill level 3 in Shields
  8114 | D:7      | Reached XP level 9. HP: 37/54 MP: 9/9
  8178 | D:7      | Reached skill level 4 in Shields
  8498 | D:6      | Reached skill level 5 in Shields
  8722 | D:7      | Reached skill level 7 in Dodging
  9018 | D:7      | Found a deep blue altar of Sif Muna.
  9018 | D:7      | Found a snail-covered altar of Cheibriados.
  9202 | D:7      | Noticed Crazy Yiuf
  9211 | D:7      | Killed Crazy Yiuf
  9653 | D:8      | Acquired Qazlal's first power
 10032 | D:8      | Reached skill level 8 in Dodging
 10650 | D:8      | Reached skill level 9 in Dodging
 10729 | D:9      | Reached XP level 10. HP: 40/60 MP: 10/10
 10935 | D:9      | Found a staircase to the Lair.
 10993 | D:9      | Reached skill level 10 in Dodging
 11174 | D:9      | Found a shimmering altar of Xom.
 11174 | D:9      | Found a shimmering altar of Xom.
 11174 | D:9      | Found a shimmering altar of Xom.
 11174 | D:9      | Found a shimmering altar of Xom.
 11174 | D:9      | Found a shimmering altar of Xom.
 11174 | D:9      | Found a shimmering altar of Xom.
 11174 | D:9      | Found a shimmering altar of Xom.
 11178 | D:9      | Slain by a raven (shapeshifter)

Vanquished Creatures
  A troll (D:9)
  The ghost of Herrn the Chopper, an average TeFi (Sewer)
  A yak (D:8)
  A human (D:8)
  2 wyverns (D:9)
  Edmund (D:5)
  A water moccasin (D:6)
  An orc warrior (D:7)
  A yellow wasp (D:9)
  An ogre (D:5)
  2 necrophages (D:8)
  An ice beast (D:5)
  2 centaurs
  2 big kobolds (Sewer)
  Duvessa (D:5)
  A gnoll sergeant (D:7)
  9 giant frogs
  2 scorpions
  2 jellies
  A goliath beetle (D:6)
  Dowan (D:5)
  Crazy Yiuf (D:7)
  An iguana (D:9)
  An orc priest (D:3)
  A centaur skeleton (D:5)
  3 hounds
  9 orc wizards
  An ogre zombie (D:7)
  3 sheep (D:8)
  3 green rats
  10 adders
  6 gnolls (D:7)
  A scorpion zombie (D:8)
  A shadow imp (D:8)
  4 giant mites
  6 worms
  An adder zombie (D:8)
  An orc skeleton (D:5)
  3 giant geckos
  22 orcs
  5 ball pythons
  8 bats
  3 giant cockroaches
  17 hobgoblins
  11 kobolds
  6 oozes
  7 quokkas
  4 giant newts
  10 goblins
  A goblin zombie (D:5)
  A hobgoblin zombie (D:5)
  A kobold skeleton (D:5)
  18 rats
  A rat skeleton (D:5)
206 creatures vanquished.
